WCHLSIM.com - West Coast Hockey League
html PUBLIC "-//W3C//DTD XHTML 1.0 Transitional//EN" "http://www.w3.org/TR/xhtml1/DTD/xhtml1-transitional.dtd"> WCHL - Game 205 - KANSAS CITY KILLERBEES vs BOISE CARIBOUS

KANSAS CITY KILLERBEES vs BOISE CARIBOUS

Created - 11 novembre 2022 at 05:56

Goals
1 2 3 T
KANSAS CITY KILLERBEES 0 0 0 0
BOISE CARIBOUS 3 2 0 5
Shots
1 2 3 T
KANSAS CITY KILLERBEES 3 4 2 9
BOISE CARIBOUS 19 13 6 38

1st period

1. BOISE CARIBOUS , Tim Stutzle 5 (Dylan DeMelo 3, Lawson Crouse 5) at 1:49
2. BOISE CARIBOUS , Mikael Granlund 3 (Andre Burakovsky 6, Nick Schmaltz 7) at 10:50 (PP)
3. BOISE CARIBOUS , Andre Burakovsky 8 (Mikael Granlund 2, Nick Schmaltz 8) at 14:49

Penalties :
Jacob Muzzin (KCK) for Tripping (Minor) at 10:36

2nd period

4. BOISE CARIBOUS , Danton Heinen 3 (Lawson Crouse 6, Tim Stutzle 3) at 11:17
5. BOISE CARIBOUS , Charlie Coyle 2 (Jean-Gabriel Pageau 5, Moritz Seider 7) at 12:42 (PP)

Penalties :
K'Andre Miller (KCK) for Tripping (Minor) at 0:21, Keith Yandle (KCK) for Holding (Minor) at 7:22, Keith Yandle (KCK) for Tripping (Minor) at 11:50, Jacob Muzzin (KCK) for Tripping (Minor) at 18:31

3rd period

No Goal

Penalties :
K'Andre Miller (KCK) for Hooking (Minor) at 1:16, Rasmus Dahlin (BOI) for Slashing (Minor) at 11:15, Lawson Crouse (BOI) for Hooking (Minor) at 13:26, Cam Fowler (KCK) for Tripping (Minor) at 13:26

Goalie Stats

Casey DeSmith (KCK), 6 saves from 6 shots - (1,000), 27:18 minutes
Ilya Samsonov (KCK), 27 saves from 32 shots - (0,844), L, 2-8-0, 32:42 minutes
Ilya Sorokin (BOI), 9 saves from 9 shots - (1,000), W, 5-4-2, 60:00 minutes

Players Stats for KANSAS CITY KILLERBEES

Player Name              G  A  P  +/- PIM S  H  SB GA TA FO     MP     PP MP  PK MP  
------------------------------------------------------------------------------------
Alexis Lafreniere        0  0  0  -1  0   0  1  1  0  0  0/2    17:55   1:28   0:08 
Anders Bjork             0  0  0   0  0   0  1  0  0  0  0/1    16:37   0:31   2:53 
Buddy Robinson           0  0  0  -2  0   0  2  0  0  0  0/0    17:28   0:00   6:09 
Cam Fowler               0  0  0   0  2   0  3  2  0  0  0/0    24:54   0:31   4:55 
Colin Miller             0  0  0  -2  0   1  1  0  0  0  0/0    18:20   0:00   1:48 
Jacob Muzzin             0  0  0   0  4   0  2  2  0  0  0/0    17:40   0:00   0:10 
Jake Lucchini            0  0  0   0  0   0  0  0  0  0  5/12   12:33   0:00   6:01 
James van Riemsdyk       0  0  0   0  0   2  0  0  0  0  0/1    15:20   0:31   0:00 
K'Andre Miller           0  0  0  -2  4   0  1  3  0  0  0/0    23:02   1:28   3:00 
Keith Yandle             0  0  0  -1  4   0  4  0  0  0  0/0    18:21   1:28   3:57 
MacKenzie Entwistle      0  0  0   0  0   2  1  0  0  0  0/1     6:32   0:00   0:00 
Mason Marchment          0  0  0  -1  0   0  2  2  0  0  0/0    17:24   1:28   0:00 
Michael Chaput           0  0  0   0  0   0  1  0  0  0  4/7     6:32   0:00   0:00 
Ryan Dzingel             0  0  0  -2  0   0  0  0  0  0  1/1    14:12   0:00   2:53 
Tyler Johnson            0  0  0  -1  0   1  0  0  0  0  8/17   17:47   1:28   0:00 
Will Butcher             0  0  0  -1  0   1  0  1  0  0  0/0    17:36   0:31   4:14 
Yegor Sharangovich       0  0  0   0  0   1  3  0  0  0  10/18  15:20   0:31   0:00 
Zach Aston-Reese         0  0  0  -2  0   1  2  0  0  0  2/7    11:19   0:00   0:00 

Players Stats for BOISE CARIBOUS

Player Name              G  A  P  +/- PIM S  H  SB GA TA FO     MP     PP MP  PK MP  
------------------------------------------------------------------------------------
Andre Burakovsky         1  1  2   1  0   5  2  0  0  0  0/1    20:52   5:16   0:25 
Artturi Lehkonen         0  0  0   0  0   4  0  0  0  0  0/1    15:04   0:00   0:40 
Chad Ruhwedel            0  0  0   2  0   0  0  0  0  0  0/0    16:34   0:00   0:42 
Charlie Coyle            1  0  1   0  0   3  0  0  0  0  1/1    18:41   3:46   0:31 
Danton Heinen            1  0  1   2  0   2  1  0  0  0  0/0    11:48   0:00   0:00 
Dmitry Kulikov           0  0  0   1  0   1  1  0  0  0  0/0    16:48   0:00   1:01 
Dylan DeMelo             0  1  1   2  0   0  1  0  0  0  0/0    16:05   0:00   1:17 
Jean-Gabriel Pageau      0  1  1   0  0   1  0  0  0  0  14/19  19:45   3:46   0:48 
Jesperi Kotkaniemi       0  0  0   0  0   0  0  0  0  0  2/6     8:55   0:00   0:54 
Lawson Crouse            0  2  2   2  2   3  2  0  0  0  0/1    13:53   3:18   0:00 
Michael Raffl            0  0  0   0  0   0  0  1  0  0  0/0     6:49   0:00   0:00 
Mikael Granlund          1  1  2   1  0   3  1  0  0  0  14/26  21:07   5:16   0:40 
Moritz Seider            0  1  1   0  0   1  0  1  0  0  0/0    23:46   5:44   0:42 
Nick Schmaltz            0  2  2   1  0   7  1  0  0  0  1/1    21:14   5:16   0:00 
Oliver Kylington         0  0  0   1  0   1  1  0  0  0  0/0    20:25   3:18   0:16 
Rasmus Dahlin            0  0  0   0  2   1  1  0  0  0  0/0    23:03   5:44   0:00 
Stefan Noesen            0  0  0   0  0   3  1  0  0  0  0/0     6:49   0:00   0:00 
Tim Stutzle              1  1  2   2  0   3  1  0  0  0  5/11   14:22   3:46   0:00 

3 Stars

1 - Tim Stutzle (BOI)
2 - Andre Burakovsky (BOI)
3 - Mikael Granlund (BOI)

Power Play

KANSAS CITY KILLERBEES - 0 on 1 Attempt(s) - 0,00%
BOISE CARIBOUS - 2 on 6 Attempt(s) - 33,33%

Penalty Kill

KANSAS CITY KILLERBEES - 4 on 6 Attempt(s) - 66,67% - Score 0 goal in Penalty Kill
BOISE CARIBOUS - 1 on 1 Attempt(s) - 100,00% - Score 0 goal in Penalty Kill

Team Stat

KANSAS CITY KILLERBEES - Hits : 24 - Faceoff Wins : 30 - Blocked Shots : 11 - Penalty Minutes : 14
BOISE CARIBOUS - Hits : 13 - Faceoff Wins : 37 - Blocked Shots : 2 - Penalty Minutes : 4

Official

Referees : Shaun Davis and Tim Mayer
Linesman : Kyle Flemington and Jesse Marquis

Game Notes

Casey DeSmith enters game at 12:42 of 2nd period

Finance

Level 1 -- Attendance: 5807 (96,78%) -- Ticket Income 882 664 $
Level 2 -- Attendance: 3633 (72,66%) -- Ticket Income 446 859 $
Level 3 -- Attendance: 1726 (86,30%) -- Ticket Income 158 792 $
Level 4 -- Attendance: 3658 (91,45%) -- Ticket Income 248 744 $
Luxury Box -- Attendance: 885 (88,50%) -- Ticket Income 247 800 $
Total Attendance: 15709 (87,27%)
Total Ticket Income: 1 984 859 $
Other Expense: 19 849 $
Total Income: 1 965 010 $

KANSAS CITY KILLERBEES

5 vs 5 Forward 
   Center                   Left Wing                Right Wing               Time % Phy DF OF 
 1 Tyler Johnson            Mason Marchment          Alexis Lafreniere        36     1   2  2  
 2 Yegor Sharangovich       James van Riemsdyk       Anders Bjork             31     1   2  2  
 3 Zach Aston-Reese         Ryan Dzingel             Buddy Robinson           23     1   2  2  
 4 Michael Chaput           Jake Lucchini            MacKenzie Entwistle      10     1   2  2  

5 vs 5 Defense 
   Defense                  Defense                                           Time % Phy DF OF 
 1 Cam Fowler               Jacob Muzzin                                      36     1   2  2  
 2 K'Andre Miller           Colin Miller                                      31     1   2  2  
 3 Keith Yandle             Will Butcher                                      23     1   2  2  
 4 K'Andre Miller           Cam Fowler                                        10     1   2  2  

PowerPlay Forward 
   Center                   Left Wing                Right Wing               Time % Phy DF OF 
 1 Tyler Johnson            Mason Marchment          Alexis Lafreniere        55     1   2  2  
 2 Yegor Sharangovich       James van Riemsdyk       Anders Bjork             45     1   2  2  

PowerPlay Defense
   Defense                  Defense                                           Time % Phy DF OF 
 1 K'Andre Miller           Keith Yandle                                      55     1   2  2  
 2 Cam Fowler               Will Butcher                                      45     1   2  2  

Penalty Kill 4 Players Forward 
   Center                   Wing                     Time % Phy DF OF 
 1 Jake Lucchini            Buddy Robinson           55     1   2  2  
 2 Ryan Dzingel             Anders Bjork             45     1   2  2  

Penalty Kill 4 Players Defense
   Defense                  Defense                  Time % Phy DF OF 
 1 Will Butcher             Cam Fowler               55     1   2  2  
 2 K'Andre Miller           Keith Yandle             45     1   2  2  

Penalty Kill - 3 Players Forward 
   Forward                                           Time % Phy DF OF 
 1 Tyler Johnson                                     55     1   2  2  
 2 Michael Chaput                                    45     1   2  2  

Penalty Kill - 3 Players Defense
   Defense                  Defense                  Time % Phy DF OF 
 1 Will Butcher             Cam Fowler               55     1   2  2  
 2 Keith Yandle             K'Andre Miller           45     1   2  2  

4 vs 4 Forward 
   Center                   Wing                     Time % Phy DF OF 
 1 Yegor Sharangovich       James van Riemsdyk       55     1   2  2  
 2 Tyler Johnson            Alexis Lafreniere        45     1   2  2  

4 vs 4 Defense
   Defense                  Defense                  Time % Phy DF OF 
 1 Will Butcher             Cam Fowler               55     1   2  2  
 2 K'Andre Miller           Keith Yandle             45     1   2  2  

Last Minutes Offensive
   Center                   Left Wing                Right Wing               Defense                  Defense                  
   Tyler Johnson            Mason Marchment          Alexis Lafreniere        Cam Fowler               Jacob Muzzin             

Last Minutes Defensive
   Center                   Left Wing                Right Wing               Defense                  Defense                  
   Yegor Sharangovich       Mason Marchment          Anders Bjork             Cam Fowler               Jacob Muzzin             

Goaltenders
Starting : Ilya Samsonov            
Backup : Casey DeSmith            

Extra Forwards
Normal : Alexis Lafreniere, Yegor Sharangovich, James van Riemsdyk - PP : Alexis Lafreniere, Yegor Sharangovich - PK : Michael Chaput
Extra Defensemen
Normal : Keith Yandle, Will Butcher, K'Andre Miller - PP : Will Butcher - PK : Keith Yandle, Will Butcher
Penalty Shots
Alexis Lafreniere, Yegor Sharangovich, Tyler Johnson, James van Riemsdyk, MacKenzie Entwistle
Custom OT Lines Forwards
James van Riemsdyk, Alexis Lafreniere, Yegor Sharangovich, Ryan Dzingel, MacKenzie Entwistle, Tyler Johnson, Zach Aston-Reese, Anders Bjork, Michael Chaput, Jake Lucchini
Custom OT Lines Defensemen
Will Butcher, Cam Fowler, K'Andre Miller, Keith Yandle, Jacob Muzzin

Scratches
Cody McLeod (Healthy), Jakub Zboril (Healthy), Jeff Kubiak (Healthy), Brett Connolly (Healthy), Parker Wotherspoon (Healthy)

BOISE CARIBOUS

5 vs 5 Forward 
   Center                   Left Wing                Right Wing               Time % Phy DF OF 
 1 Mikael Granlund          Andre Burakovsky         Nick Schmaltz            35     0   3  2  
 2 Jean-Gabriel Pageau      Artturi Lehkonen         Charlie Coyle            32     0   3  2  
 3 Tim Stutzle              Lawson Crouse            Danton Heinen            24     0   3  2  
 4 Jesperi Kotkaniemi       Michael Raffl            Stefan Noesen            9      0   4  1  

5 vs 5 Defense 
   Defense                  Defense                                           Time % Phy DF OF 
 1 Rasmus Dahlin            Moritz Seider                                     37     0   3  2  
 2 Oliver Kylington         Dmitry Kulikov                                    36     0   4  1  
 3 Dylan DeMelo             Chad Ruhwedel                                     27     0   4  1  
 4 Chad Ruhwedel            Moritz Seider                                     0      1   2  2  

PowerPlay Forward 
   Center                   Left Wing                Right Wing               Time % Phy DF OF 
 1 Mikael Granlund          Andre Burakovsky         Nick Schmaltz            55     0   1  4  
 2 Jean-Gabriel Pageau      Tim Stutzle              Charlie Coyle            45     1   1  3  

PowerPlay Defense
   Defense                  Defense                                           Time % Phy DF OF 
 1 Moritz Seider            Rasmus Dahlin                                     55     0   2  3  
 2 Oliver Kylington         Lawson Crouse                                     45     0   2  3  

Penalty Kill 4 Players Forward 
   Center                   Wing                     Time % Phy DF OF 
 1 Jean-Gabriel Pageau      Jesperi Kotkaniemi       55     0   4  1  
 2 Mikael Granlund          Artturi Lehkonen         45     1   4  0  

Penalty Kill 4 Players Defense
   Defense                  Defense                  Time % Phy DF OF 
 1 Dmitry Kulikov           Dylan DeMelo             55     1   4  0  
 2 Moritz Seider            Chad Ruhwedel            45     1   4  0  

Penalty Kill - 3 Players Forward 
   Forward                                           Time % Phy DF OF 
 1 Jean-Gabriel Pageau                               55     1   3  1  
 2 Jesperi Kotkaniemi                                45     1   3  1  

Penalty Kill - 3 Players Defense
   Defense                  Defense                  Time % Phy DF OF 
 1 Chad Ruhwedel            Moritz Seider            55     1   4  0  
 2 Rasmus Dahlin            Dylan DeMelo             45     1   4  0  

4 vs 4 Forward 
   Center                   Wing                     Time % Phy DF OF 
 1 Jesperi Kotkaniemi       Danton Heinen            55     1   2  2  
 2 Jean-Gabriel Pageau      Nick Schmaltz            45     1   2  2  

4 vs 4 Defense
   Defense                  Defense                  Time % Phy DF OF 
 1 Oliver Kylington         Chad Ruhwedel            55     1   2  2  
 2 Rasmus Dahlin            Moritz Seider            45     1   2  2  

Last Minutes Offensive
   Center                   Left Wing                Right Wing               Defense                  Defense                  
   Mikael Granlund          Andre Burakovsky         Nick Schmaltz            Rasmus Dahlin            Moritz Seider            

Last Minutes Defensive
   Center                   Left Wing                Right Wing               Defense                  Defense                  
   Jean-Gabriel Pageau      Jesperi Kotkaniemi       Andre Burakovsky         Chad Ruhwedel            Moritz Seider            

Goaltenders
Starting : Ilya Sorokin             
Backup : Antti Raanta             

Extra Forwards
Normal : Danton Heinen, Charlie Coyle, Tim Stutzle - PP : Lawson Crouse, Jean-Gabriel Pageau - PK : Charlie Coyle
Extra Defensemen
Normal : Oliver Kylington, Chad Ruhwedel, Dylan DeMelo - PP : Oliver Kylington - PK : Dmitry Kulikov, Rasmus Dahlin
Penalty Shots
Andre Burakovsky, Nick Schmaltz, Tim Stutzle, Charlie Coyle, Mikael Granlund
Custom OT Lines Forwards
Mikael Granlund, Andre Burakovsky, Nick Schmaltz, Michael Raffl, Jean-Gabriel Pageau, Charlie Coyle, Tim Stutzle, Artturi Lehkonen, Lawson Crouse, Jesperi Kotkaniemi
Custom OT Lines Defensemen
Moritz Seider, Rasmus Dahlin, Chad Ruhwedel, Dmitry Kulikov, Oliver Kylington

Scratches
Matt Duchene (Torn Left Knee Ligaments Injury), Rasmus Andersson (Back Surgery Injury)

% Time on Ice - KANSAS CITY KILLERBEES

Lines # - Real PCT - Wanted PCT - Time Play
Normal Forward
1 - 34% - 36% - 15:56
2 - 28% - 31% - 13:13
3 - 24% - 23% - 11:19
4 - 14% - 10% - 6:32
Normal Defense
1 - 37% - 36% - 17:32
2 - 30% - 31% - 13:57
3 - 24% - 23% - 11:15
4 - 9% - 10% - 4:16
PP Forward
1 - 74% - 55% - 1:28
2 - 26% - 45% - 0:31
PP Defense
1 - 74% - 55% - 1:28
2 - 26% - 45% - 0:31
PK Forward
1 - 68% - 55% - 6:09
2 - 32% - 45% - 2:53
PK Defense
1 - 33% - 55% - 2:58
2 - 67% - 45% - 6:04
PK3 Forward
1 - 0% - 55%
2 - 0% - 45%
PK3 Defense
1 - 0% - 55%
2 - 0% - 45%
44 Forward
1 - 81% - 55% - 1:36
2 - 19% - 45% - 0:23
44 Defense
1 - 81% - 55% - 1:36
2 - 19% - 45% - 0:23
Last Minute Offensive  - 0:00
Last Minute Defensive  - 0:00
Total
Forward - 60:00
Defense - 60:00

% Time on Ice - BOISE CARIBOUS

Lines # - Real PCT - Wanted PCT - Time Play
Normal Forward
1 - 32% - 35% - 15:11
2 - 31% - 32% - 14:24
3 - 23% - 24% - 10:36
4 - 15% - 9% - 6:49
Normal Defense
1 - 35% - 37% - 16:25
2 - 34% - 36% - 15:47
3 - 31% - 27% - 14:48
4 - 0% - 0% - 0:00
PP Forward
1 - 58% - 55% - 5:16
2 - 42% - 45% - 3:46
PP Defense
1 - 63% - 55% - 5:44
2 - 37% - 45% - 3:18
PK Forward
1 - 66% - 55% - 1:19
2 - 34% - 45% - 0:40
PK Defense
1 - 65% - 55% - 1:17
2 - 35% - 45% - 0:42
PK3 Forward
1 - 0% - 55%
2 - 0% - 45%
PK3 Defense
1 - 0% - 55%
2 - 0% - 45%
44 Forward
1 - 61% - 55% - 1:12
2 - 39% - 45% - 0:47
44 Defense
1 - 54% - 55% - 1:04
2 - 46% - 45% - 0:55
Last Minute Offensive  - 0:00
Last Minute Defensive  - 0:00
Total
Forward - 60:00
Defense - 60:00

Play-by-Play

1st period


0:01 of 1st period - Tyler Johnson wins face-off versus Mikael Granlund in neutral zone.
0:06 of 1st period - Shot by Cam Fowler.
0:06 of 1st period - Shot Misses the Net.
0:30 of 1st period - Shot by Nick Schmaltz.
0:30 of 1st period - Stopped by Ilya Samsonov without a rebound.
0:31 of 1st period - Jean-Gabriel Pageau wins face-off versus Yegor Sharangovich in KANSAS CITY KILLERBEES zone.
0:34 of 1st period - Shot by Charlie Coyle.
0:34 of 1st period - Shot Blocked by K'Andre Miller.
1:41 of 1st period - Shot by Danton Heinen.
1:41 of 1st period - Shot Misses the Net.
1:43 of 1st period - Shot by Danton Heinen.
1:43 of 1st period - Shot Misses the Net.
1:45 of 1st period - Shot by Lawson Crouse.
1:45 of 1st period - Shot Misses the Net.
1:49 of 1st period - Shot by Tim Stutzle.
1:49 of 1st period - Goal by Tim Stutzle - KANSAS CITY KILLERBEES : 0 - BOISE CARIBOUS : 1.
1:50 of 1st period - Jesperi Kotkaniemi wins face-off versus Michael Chaput in neutral zone.
2:07 of 1st period - Shot by Stefan Noesen.
2:07 of 1st period - Shot Misses the Net.
4:23 of 1st period - Shot by James van Riemsdyk.
4:23 of 1st period - Stopped by Ilya Sorokin without a rebound.
4:24 of 1st period - Jean-Gabriel Pageau wins face-off versus Yegor Sharangovich in BOISE CARIBOUS zone.
5:24 of 1st period - Jesperi Kotkaniemi is hit by Anders Bjork and loses puck.
5:35 of 1st period - Icing by Yegor Sharangovich.
5:36 of 1st period - Yegor Sharangovich wins face-off versus Mikael Granlund in KANSAS CITY KILLERBEES zone.
6:05 of 1st period - Shot by Andre Burakovsky.
6:05 of 1st period - Stopped by Ilya Samsonov without a rebound.
6:06 of 1st period - Zach Aston-Reese wins face-off versus Lawson Crouse in KANSAS CITY KILLERBEES zone.
6:14 of 1st period - Icing by Danton Heinen.
6:15 of 1st period - Tim Stutzle wins face-off versus Tyler Johnson in BOISE CARIBOUS zone.
6:15 of 1st period - Tim Stutzle is hit by Mason Marchment.
6:39 of 1st period - Shot by Lawson Crouse.
6:39 of 1st period - Stopped by Ilya Samsonov with a rebound.
6:47 of 1st period - Icing by Danton Heinen.
6:48 of 1st period - Tim Stutzle wins face-off versus Zach Aston-Reese in BOISE CARIBOUS zone.
6:48 of 1st period - Tim Stutzle is hit by Zach Aston-Reese.
7:48 of 1st period - Shot by MacKenzie Entwistle.
7:48 of 1st period - Stopped by Ilya Sorokin without a rebound.
7:49 of 1st period - Mikael Granlund wins face-off versus Tyler Johnson in BOISE CARIBOUS zone.
8:48 of 1st period - Shot by K'Andre Miller.
8:48 of 1st period - Shot Misses the Net.
8:52 of 1st period - Shot by Yegor Sharangovich.
8:52 of 1st period - Shot Blocked by Michael Raffl.
9:04 of 1st period - Shot by James van Riemsdyk.
9:04 of 1st period - Shot Misses the Net.
9:06 of 1st period - Shot by Yegor Sharangovich.
9:06 of 1st period - Shot Blocked by Moritz Seider.
9:36 of 1st period - Shot by Jean-Gabriel Pageau.
9:36 of 1st period - Stopped by Ilya Samsonov with a rebound.
9:46 of 1st period - Shot by Artturi Lehkonen.
9:46 of 1st period - Stopped by Ilya Samsonov without a rebound.
9:47 of 1st period - Michael Chaput wins face-off versus Tim Stutzle in KANSAS CITY KILLERBEES zone.
9:47 of 1st period - Michael Chaput is hit by Danton Heinen.
10:02 of 1st period - MacKenzie Entwistle is hit by Oliver Kylington and loses puck.
10:36 of 1st period - Minor Penalty to Jacob Muzzin for Tripping.
10:37 of 1st period - Jake Lucchini wins face-off versus Andre Burakovsky in KANSAS CITY KILLERBEES zone.
10:50 of 1st period - Shot by Mikael Granlund.
10:50 of 1st period - Goal by Mikael Granlund - KANSAS CITY KILLERBEES : 0 - BOISE CARIBOUS : 2.
10:51 of 1st period - Jean-Gabriel Pageau wins face-off versus Tyler Johnson in neutral zone.
11:02 of 1st period - Chad Ruhwedel is hit by Mason Marchment and loses puck.
11:08 of 1st period - Tyler Johnson is hit by Dylan DeMelo and loses puck.
11:17 of 1st period - Shot by Tyler Johnson.
11:17 of 1st period - Stopped by Ilya Sorokin without a rebound.
11:18 of 1st period - Mikael Granlund wins face-off versus Zach Aston-Reese in BOISE CARIBOUS zone.
11:18 of 1st period - Mikael Granlund is hit by Zach Aston-Reese.
11:23 of 1st period - Mikael Granlund is hit by Buddy Robinson and loses puck.
11:31 of 1st period - Shot by Nick Schmaltz.
11:31 of 1st period - Shot Misses the Net.
11:33 of 1st period - Shot by Andre Burakovsky.
11:33 of 1st period - Deflect By Nick Schmaltz.
11:33 of 1st period - Stopped by Ilya Samsonov with a rebound.
11:51 of 1st period - Shot by Nick Schmaltz.
11:51 of 1st period - Deflect By Andre Burakovsky.
11:51 of 1st period - Shot Blocked by Will Butcher.
11:53 of 1st period - Shot by Mikael Granlund.
11:53 of 1st period - Shot Misses the Net.
11:55 of 1st period - Shot by Nick Schmaltz.
11:55 of 1st period - Stopped by Ilya Samsonov with a rebound.
12:47 of 1st period - Shot by Artturi Lehkonen.
12:47 of 1st period - Stopped by Ilya Samsonov with a rebound.
12:49 of 1st period - Shot by Oliver Kylington.
12:49 of 1st period - Shot Blocked by Mason Marchment.
12:51 of 1st period - Shot by Dmitry Kulikov.
12:51 of 1st period - Stopped by Ilya Samsonov with a rebound.
13:57 of 1st period - Shot by Lawson Crouse.
13:57 of 1st period - Shot Blocked by Jacob Muzzin.
14:07 of 1st period - Shot by Tim Stutzle.
14:07 of 1st period - Shot Misses the Net.
14:09 of 1st period - Shot by Lawson Crouse.
14:09 of 1st period - Shot Misses the Net.
14:39 of 1st period - Shot by Stefan Noesen.
14:39 of 1st period - Shot Misses the Net.
14:41 of 1st period - Shot by Stefan Noesen.
14:41 of 1st period - Stopped by Ilya Samsonov without a rebound.
14:42 of 1st period - Nick Schmaltz wins face-off versus Zach Aston-Reese in KANSAS CITY KILLERBEES zone.
14:47 of 1st period - Shot by Andre Burakovsky.
14:47 of 1st period - Stopped by Ilya Samsonov with a rebound.
14:49 of 1st period - Shot by Andre Burakovsky.
14:49 of 1st period - Goal by Andre Burakovsky - KANSAS CITY KILLERBEES : 0 - BOISE CARIBOUS : 3.
14:50 of 1st period - Michael Chaput wins face-off versus Mikael Granlund in neutral zone.
15:20 of 1st period - Shot by Nick Schmaltz.
15:20 of 1st period - Shot Misses the Net.
15:22 of 1st period - Shot by Andre Burakovsky.
15:22 of 1st period - Shot Blocked by K'Andre Miller.
15:24 of 1st period - Shot by Mikael Granlund.
15:24 of 1st period - Stopped by Ilya Samsonov without a rebound.
15:25 of 1st period - Jean-Gabriel Pageau wins face-off versus Tyler Johnson in KANSAS CITY KILLERBEES zone.
15:48 of 1st period - Icing by Jacob Muzzin.
15:49 of 1st period - Tyler Johnson wins face-off versus Tim Stutzle in KANSAS CITY KILLERBEES zone.
17:04 of 1st period - Shot by Charlie Coyle.
17:04 of 1st period - Stopped by Ilya Samsonov with a rebound.
18:12 of 1st period - Shot by Nick Schmaltz.
18:12 of 1st period - Stopped by Ilya Samsonov with a rebound.
18:48 of 1st period - Shot by Michael Raffl.
18:48 of 1st period - Shot Blocked by K'Andre Miller.
18:50 of 1st period - Shot by Stefan Noesen.
18:50 of 1st period - Stopped by Ilya Samsonov without a rebound.
18:51 of 1st period - Charlie Coyle wins face-off versus Tyler Johnson in KANSAS CITY KILLERBEES zone.
18:52 of 1st period - Shot by Artturi Lehkonen.
18:52 of 1st period - Stopped by Ilya Samsonov without a rebound.
18:53 of 1st period - Tyler Johnson wins face-off versus Jean-Gabriel Pageau in KANSAS CITY KILLERBEES zone.
19:21 of 1st period - Charlie Coyle is hit by Keith Yandle and loses puck.
Goals for this period are 0 for KANSAS CITY KILLERBEES vs 3 for BOISE CARIBOUS.
Shots for this period are 3 for KANSAS CITY KILLERBEES vs 19 for BOISE CARIBOUS.

2nd period


0:01 of 2nd period - Mikael Granlund wins face-off versus James van Riemsdyk in neutral zone.
0:04 of 2nd period - Shot by Moritz Seider.
0:04 of 2nd period - Stopped by Ilya Samsonov without a rebound.
0:05 of 2nd period - Yegor Sharangovich wins face-off versus Mikael Granlund in KANSAS CITY KILLERBEES zone.
0:21 of 2nd period - Minor Penalty to K'Andre Miller for Tripping.
0:22 of 2nd period - Jean-Gabriel Pageau wins face-off versus Jake Lucchini in KANSAS CITY KILLERBEES zone.
0:23 of 2nd period - Shot by Lawson Crouse.
0:23 of 2nd period - Stopped by Ilya Samsonov without a rebound.
0:24 of 2nd period - Jake Lucchini wins face-off versus Mikael Granlund in KANSAS CITY KILLERBEES zone.
1:01 of 2nd period - Shot by Nick Schmaltz.
1:01 of 2nd period - Stopped by Ilya Samsonov without a rebound.
1:02 of 2nd period - Jake Lucchini wins face-off versus Jean-Gabriel Pageau in KANSAS CITY KILLERBEES zone.
1:02 of 2nd period - Jake Lucchini is hit by Tim Stutzle.
1:47 of 2nd period - Shot by Lawson Crouse.
1:47 of 2nd period - Shot Blocked by Cam Fowler.
1:59 of 2nd period - Shot by Moritz Seider.
1:59 of 2nd period - Shot Misses the Net.
2:01 of 2nd period - Shot by Mikael Granlund.
2:01 of 2nd period - Stopped by Ilya Samsonov without a rebound.
2:02 of 2nd period - Jake Lucchini wins face-off versus Mikael Granlund in KANSAS CITY KILLERBEES zone.
2:29 of 2nd period - Shot by Colin Miller.
2:29 of 2nd period - Stopped by Ilya Sorokin without a rebound.
2:30 of 2nd period - Tyler Johnson wins face-off versus Jesperi Kotkaniemi in BOISE CARIBOUS zone.
3:05 of 2nd period - Shot by Stefan Noesen.
3:05 of 2nd period - Stopped by Ilya Samsonov without a rebound.
3:06 of 2nd period - Mikael Granlund wins face-off versus Michael Chaput in KANSAS CITY KILLERBEES zone.
3:15 of 2nd period - Icing by Moritz Seider.
3:16 of 2nd period - Yegor Sharangovich wins face-off versus Mikael Granlund in BOISE CARIBOUS zone.
3:19 of 2nd period - Shot by James van Riemsdyk.
3:19 of 2nd period - Shot Misses the Net.
3:21 of 2nd period - Shot by Yegor Sharangovich.
3:21 of 2nd period - Stopped by Ilya Sorokin without a rebound.
3:22 of 2nd period - Mikael Granlund wins face-off versus Yegor Sharangovich in BOISE CARIBOUS zone.
3:22 of 2nd period - Mikael Granlund is hit by Yegor Sharangovich.
3:52 of 2nd period - Yegor Sharangovich is hit by Dmitry Kulikov and loses puck.
3:59 of 2nd period - Shot by James van Riemsdyk.
3:59 of 2nd period - Stopped by Ilya Sorokin without a rebound.
4:00 of 2nd period - Jean-Gabriel Pageau wins face-off versus Tyler Johnson in BOISE CARIBOUS zone.
4:35 of 2nd period - Shot by Artturi Lehkonen.
4:35 of 2nd period - Deflect By Jean-Gabriel Pageau.
4:35 of 2nd period - Shot Blocked by Alexis Lafreniere.
5:29 of 2nd period - Shot by Zach Aston-Reese.
5:29 of 2nd period - Stopped by Ilya Sorokin with a rebound.
5:54 of 2nd period - Keith Yandle is hit by Lawson Crouse and loses puck.
6:18 of 2nd period - Icing by Dmitry Kulikov.
6:19 of 2nd period - Mikael Granlund wins face-off versus Michael Chaput in BOISE CARIBOUS zone.
6:19 of 2nd period - Mikael Granlund is hit by Michael Chaput.
6:42 of 2nd period - Shot by Andre Burakovsky.
6:42 of 2nd period - Stopped by Ilya Samsonov with a rebound.
6:44 of 2nd period - Shot by Oliver Kylington.
6:44 of 2nd period - Stopped by Ilya Samsonov without a rebound.
6:45 of 2nd period - Yegor Sharangovich wins face-off versus Artturi Lehkonen in KANSAS CITY KILLERBEES zone.
6:58 of 2nd period - Artturi Lehkonen is hit by Keith Yandle and loses puck.
7:22 of 2nd period - Minor Penalty to Keith Yandle for Holding.
7:23 of 2nd period - Mikael Granlund wins face-off versus Jake Lucchini in KANSAS CITY KILLERBEES zone.
7:48 of 2nd period - Shot by Nick Schmaltz.
7:48 of 2nd period - Deflect By Andre Burakovsky.
7:48 of 2nd period - Stopped by Ilya Samsonov with a rebound.
7:50 of 2nd period - Shot by Lawson Crouse.
7:50 of 2nd period - Stopped by Ilya Samsonov without a rebound.
7:51 of 2nd period - Jean-Gabriel Pageau wins face-off versus Jake Lucchini in KANSAS CITY KILLERBEES zone.
9:43 of 2nd period - Shot by Michael Raffl.
9:43 of 2nd period - Shot Misses the Net.
9:52 of 2nd period - Off-side.
9:53 of 2nd period - Jake Lucchini wins face-off versus Jean-Gabriel Pageau in neutral zone.
9:56 of 2nd period - Jean-Gabriel Pageau is hit by MacKenzie Entwistle and loses puck.
10:07 of 2nd period - Shot by Charlie Coyle.
10:07 of 2nd period - Shot Blocked by Jacob Muzzin.
10:56 of 2nd period - Icing by Jacob Muzzin.
10:57 of 2nd period - Michael Chaput wins face-off versus Tim Stutzle in KANSAS CITY KILLERBEES zone.
10:57 of 2nd period - Michael Chaput is hit by Lawson Crouse.
11:17 of 2nd period - Shot by Danton Heinen.
11:17 of 2nd period - Goal by Danton Heinen - KANSAS CITY KILLERBEES : 0 - BOISE CARIBOUS : 4.
11:18 of 2nd period - Mikael Granlund wins face-off versus Anders Bjork in neutral zone.
11:42 of 2nd period - Nick Schmaltz is hit by Keith Yandle and loses puck.
11:50 of 2nd period - Minor Penalty to Keith Yandle for Tripping.
11:51 of 2nd period - Jean-Gabriel Pageau wins face-off versus Alexis Lafreniere in KANSAS CITY KILLERBEES zone.
11:58 of 2nd period - Shot by Rasmus Dahlin.
11:58 of 2nd period - Stopped by Ilya Samsonov without a rebound.
11:59 of 2nd period - Jean-Gabriel Pageau wins face-off versus Jake Lucchini in KANSAS CITY KILLERBEES zone.
12:12 of 2nd period - Shot by Charlie Coyle.
12:12 of 2nd period - Shot Misses the Net.
12:16 of 2nd period - Shot by Jean-Gabriel Pageau.
12:16 of 2nd period - Shot Hit the Post.
12:18 of 2nd period - Shot by Jean-Gabriel Pageau.
12:18 of 2nd period - Shot Misses the Net.
12:26 of 2nd period - Shot by Tim Stutzle.
12:26 of 2nd period - Stopped by Ilya Samsonov with a rebound.
12:40 of 2nd period - Shot by Moritz Seider.
12:40 of 2nd period - Shot Misses the Net.
12:42 of 2nd period - Shot by Jean-Gabriel Pageau.
12:42 of 2nd period - Deflect By Charlie Coyle.
12:42 of 2nd period - Goal by Charlie Coyle - KANSAS CITY KILLERBEES : 0 - BOISE CARIBOUS : 5.
12:42 of 2nd period - Casey DeSmith enters game.
12:43 of 2nd period - Tyler Johnson wins face-off versus Mikael Granlund in neutral zone.
13:59 of 2nd period - Icing by Mason Marchment.
14:00 of 2nd period - Jean-Gabriel Pageau wins face-off versus Tyler Johnson in KANSAS CITY KILLERBEES zone.
15:46 of 2nd period - Icing by Chad Ruhwedel.
15:47 of 2nd period - Tim Stutzle wins face-off versus MacKenzie Entwistle in BOISE CARIBOUS zone.
16:33 of 2nd period - Yegor Sharangovich is hit by Andre Burakovsky and loses puck.
17:25 of 2nd period - Off-side.
17:26 of 2nd period - Tyler Johnson wins face-off versus Jean-Gabriel Pageau in neutral zone.
18:30 of 2nd period - Icing by Mason Marchment.
18:31 of 2nd period - Mikael Granlund wins face-off versus Tyler Johnson in KANSAS CITY KILLERBEES zone.
18:31 of 2nd period - Minor Penalty to Jacob Muzzin for Tripping.
18:32 of 2nd period - Mikael Granlund wins face-off versus Jake Lucchini in KANSAS CITY KILLERBEES zone.
19:26 of 2nd period - Icing by Andre Burakovsky.
19:27 of 2nd period - Ryan Dzingel wins face-off versus Mikael Granlund in BOISE CARIBOUS zone.
Goals for this period are 0 for KANSAS CITY KILLERBEES vs 2 for BOISE CARIBOUS.
Shots for this period are 4 for KANSAS CITY KILLERBEES vs 13 for BOISE CARIBOUS.

3rd period


0:01 of 3rd period - Mikael Granlund wins face-off versus Jake Lucchini in neutral zone.
0:01 of 3rd period - Mikael Granlund is hit by Buddy Robinson.
0:08 of 3rd period - Andre Burakovsky is hit by Cam Fowler and loses puck.
0:30 of 3rd period - Shot by Moritz Seider.
0:30 of 3rd period - Shot Misses the Net.
0:36 of 3rd period - Shot by Danton Heinen.
0:36 of 3rd period - Deflect By Tim Stutzle.
0:36 of 3rd period - Stopped by Casey DeSmith without a rebound.
0:37 of 3rd period - Tim Stutzle wins face-off versus Yegor Sharangovich in KANSAS CITY KILLERBEES zone.
0:39 of 3rd period - Danton Heinen is hit by K'Andre Miller and loses puck.
0:46 of 3rd period - Shot by Danton Heinen.
0:46 of 3rd period - Stopped by Casey DeSmith without a rebound.
0:47 of 3rd period - Jean-Gabriel Pageau wins face-off versus Alexis Lafreniere in KANSAS CITY KILLERBEES zone.
1:16 of 3rd period - Minor Penalty to K'Andre Miller for Hooking.
1:17 of 3rd period - Mikael Granlund wins face-off versus Jake Lucchini in KANSAS CITY KILLERBEES zone.
1:17 of 3rd period - Nick Schmaltz is hit by Cam Fowler.
1:24 of 3rd period - Andre Burakovsky is hit by Cam Fowler and loses puck.
1:33 of 3rd period - Shot by Nick Schmaltz.
1:33 of 3rd period - Shot Misses the Net.
3:35 of 3rd period - Off-side.
3:36 of 3rd period - Yegor Sharangovich wins face-off versus Tim Stutzle in neutral zone.
3:41 of 3rd period - Shot by Yegor Sharangovich.
3:41 of 3rd period - Shot Misses the Net.
4:05 of 3rd period - Shot by Tim Stutzle.
4:05 of 3rd period - Shot Misses the Net.
4:07 of 3rd period - Shot by Danton Heinen.
4:07 of 3rd period - Shot Misses the Net.
4:17 of 3rd period - Andre Burakovsky is hit by Yegor Sharangovich and loses puck.
4:24 of 3rd period - Colin Miller is hit by Mikael Granlund and loses puck.
4:39 of 3rd period - Shot by Nick Schmaltz.
4:39 of 3rd period - Shot Misses the Net.
5:19 of 3rd period - Shot by Charlie Coyle.
5:19 of 3rd period - Shot Blocked by Mason Marchment.
5:24 of 3rd period - Artturi Lehkonen is hit by Jacob Muzzin and loses puck.
5:31 of 3rd period - Shot by Charlie Coyle.
5:31 of 3rd period - Shot Misses the Net.
5:33 of 3rd period - Shot by Charlie Coyle.
5:33 of 3rd period - Shot Blocked by Cam Fowler.
5:37 of 3rd period - Shot by Artturi Lehkonen.
5:37 of 3rd period - Stopped by Casey DeSmith without a rebound.
5:38 of 3rd period - Michael Chaput wins face-off versus Jesperi Kotkaniemi in KANSAS CITY KILLERBEES zone.
5:38 of 3rd period - Michael Chaput is hit by Stefan Noesen.
5:48 of 3rd period - Shot by MacKenzie Entwistle.
5:48 of 3rd period - Shot Misses the Net.
5:50 of 3rd period - Shot by MacKenzie Entwistle.
5:50 of 3rd period - Shot Misses the Net.
5:56 of 3rd period - Shot by Michael Chaput.
5:56 of 3rd period - Shot Misses the Net.
6:04 of 3rd period - Shot by MacKenzie Entwistle.
6:04 of 3rd period - Stopped by Ilya Sorokin without a rebound.
6:05 of 3rd period - Mikael Granlund wins face-off versus Tyler Johnson in BOISE CARIBOUS zone.
7:07 of 3rd period - Shot by Lawson Crouse.
7:07 of 3rd period - Shot Misses the Net.
8:31 of 3rd period - Shot by Artturi Lehkonen.
8:31 of 3rd period - Shot Misses the Net.
9:12 of 3rd period - Jesperi Kotkaniemi is hit by Colin Miller and loses puck.
9:20 of 3rd period - Stefan Noesen is hit by Jacob Muzzin and loses puck.
9:44 of 3rd period - Shot by Nick Schmaltz.
9:44 of 3rd period - Stopped by Casey DeSmith without a rebound.
9:45 of 3rd period - Yegor Sharangovich wins face-off versus Tim Stutzle in KANSAS CITY KILLERBEES zone.
9:47 of 3rd period - Icing by Cam Fowler.
9:48 of 3rd period - Yegor Sharangovich wins face-off versus Mikael Granlund in KANSAS CITY KILLERBEES zone.
11:05 of 3rd period - Zach Aston-Reese is hit by Rasmus Dahlin and loses puck.
11:15 of 3rd period - Minor Penalty to Rasmus Dahlin for Slashing.
11:16 of 3rd period - Tyler Johnson wins face-off versus Jean-Gabriel Pageau in BOISE CARIBOUS zone.
13:11 of 3rd period - Shot by James van Riemsdyk.
13:11 of 3rd period - Shot Misses the Net.
13:13 of 3rd period - Shot by Yegor Sharangovich.
13:13 of 3rd period - Deflect By James van Riemsdyk.
13:13 of 3rd period - Shot Misses the Net.
13:15 of 3rd period - Shot by Will Butcher.
13:15 of 3rd period - Stopped by Ilya Sorokin without a rebound.
13:16 of 3rd period - Zach Aston-Reese wins face-off versus Tim Stutzle in BOISE CARIBOUS zone.
13:26 of 3rd period - Minor Penalty to Lawson Crouse for Hooking.
13:26 of 3rd period - Minor Penalty to Cam Fowler for Tripping.
13:27 of 3rd period - Yegor Sharangovich wins face-off versus Jesperi Kotkaniemi in KANSAS CITY KILLERBEES zone.
13:29 of 3rd period - Icing by James van Riemsdyk.
13:30 of 3rd period - Jesperi Kotkaniemi wins face-off versus Yegor Sharangovich in KANSAS CITY KILLERBEES zone.
13:56 of 3rd period - Off-side.
13:57 of 3rd period - Jean-Gabriel Pageau wins face-off versus Yegor Sharangovich in neutral zone.
14:09 of 3rd period - Shot by Nick Schmaltz.
14:09 of 3rd period - Stopped by Casey DeSmith without a rebound.
14:10 of 3rd period - Yegor Sharangovich wins face-off versus Jesperi Kotkaniemi in KANSAS CITY KILLERBEES zone.
14:57 of 3rd period - Jean-Gabriel Pageau is hit by Yegor Sharangovich and loses puck.
15:21 of 3rd period - Nick Schmaltz is hit by Alexis Lafreniere and loses puck.
15:47 of 3rd period - Icing by Jacob Muzzin.
15:48 of 3rd period - Jean-Gabriel Pageau wins face-off versus Zach Aston-Reese in KANSAS CITY KILLERBEES zone.
15:49 of 3rd period - Shot by Charlie Coyle.
15:49 of 3rd period - Shot Misses the Net.
15:51 of 3rd period - Shot by Rasmus Dahlin.
15:51 of 3rd period - Shot Misses the Net.
17:15 of 3rd period - Icing by K'Andre Miller.
17:16 of 3rd period - Tyler Johnson wins face-off versus Mikael Granlund in KANSAS CITY KILLERBEES zone.
17:16 of 3rd period - Tyler Johnson is hit by Nick Schmaltz.
17:46 of 3rd period - Icing by Oliver Kylington.
17:47 of 3rd period - Yegor Sharangovich wins face-off versus Mikael Granlund in BOISE CARIBOUS zone.
17:53 of 3rd period - Icing by Dmitry Kulikov.
17:54 of 3rd period - Mikael Granlund wins face-off versus Yegor Sharangovich in BOISE CARIBOUS zone.
18:21 of 3rd period - Jacob Muzzin is hit by Andre Burakovsky.
18:36 of 3rd period - Icing by Jacob Muzzin.
18:37 of 3rd period - Jean-Gabriel Pageau wins face-off versus Yegor Sharangovich in KANSAS CITY KILLERBEES zone.
18:50 of 3rd period - Shot by Charlie Coyle.
18:50 of 3rd period - Stopped by Casey DeSmith without a rebound.
18:51 of 3rd period - Tim Stutzle wins face-off versus Zach Aston-Reese in KANSAS CITY KILLERBEES zone.
18:51 of 3rd period - Lawson Crouse is hit by Keith Yandle and loses puck.
Goals for this period are 0 for KANSAS CITY KILLERBEES vs 0 for BOISE CARIBOUS.
Shots for this period are 2 for KANSAS CITY KILLERBEES vs 6 for BOISE CARIBOUS.


DARCY
KUEMPER
JAKE
OETTINGER
NINO
NIEDERREITER

EAST COAST

HOCKEY LEAGUE

  • 1.CHI2QUE4
  • 2.LIM2CHA3
  • 3.LON3TRV5
  • 4.BAL5CHW6
  • 5.MANPIT
  • 6.NHWATL
  • 7.PETWOR
  • 8.RHI